| TOP OF THE 1ST |
|
Jacksonville Suns batting - Pitching for Asheville Tourists : RHP Stan Webb
|
|
Pitching: RHP Stan Webb
|
|
|
Batting: SHB Rafael Landestoy
|
0-0: DOUBLE (Flyball, 89D, EV 82.5 MPH)
|
|
Batting: RHB Lyle Brackenridge
|
0-0: Foul Ball, location: 2F 0-1: Ball 1-1: Called Strike 1-2: Ball 2-2: Strikes out swinging
|
|
Batting: LHB Andy Carlton
|
0-0: Ball 1-0: Called Strike 1-1: Fly out, F7 (Flyball, 78XD, EV 103.8 MPH) Runner from 2nd tags up, SAFE at 3rd, no throw by LF
|
|
Batting: RHB Edward Packard
|
0-0: Swinging Strike 0-1: Ground out 6-3 (Groundball, 6, EV 82.5 MPH)
|
| Top of the 1st over - 0 runs, 1 hit, 0 errors, 1 left on base; Jacksonville 0 - Asheville 0 |
| BOTTOM OF THE 1ST |
|
Asheville Tourists batting - Pitching for Jacksonville Suns : LHP Brad Havens
|
|
Pitching: LHP Brad Havens
|
|
|
Batting: RHB Ulises Infante
|
0-0: Ground out 4-3 (Groundball, 4, EV 85.0 MPH)
|
|
Batting: LHB Elias Nava
|
0-0: Ball 1-0: Foul Ball, location: 2F 1-1: Ball 2-1: Called Strike 2-2: Fly out, F8 (Flyball, 8RM, EV 94.4 MPH)
|
|
Batting: LHB Donald Mazzilli
|
0-0: Ball 1-0: SOLO HOME RUN (Flyball, 9D, EV 100.0 MPH), Distance : 385 ft
|
|
Batting: SHB Dan Hanggie
|
0-0: Ball 1-0: Fly out, F2 (Popup, 3SF, EV 80.0 MPH)
|
| Bottom of the 1st over - 1 run, 1 hit, 0 errors, 0 left on base; Jacksonville 0 - Asheville 1 |
| TOP OF THE 2ND |
|
Jacksonville Suns batting - Pitching for Asheville Tourists : RHP Stan Webb
|
|
Batting: LHB Pete M O'Brien
|
0-0: Ball 1-0: Foul Ball, location: 2F 1-1: Fly out, F6 (Popup, 6, EV 71.9 MPH)
|
|
Batting: LHB Donald Elliott
|
0-0: Ball 1-0: Ball 2-0: Ball 3-0: Called Strike 3-1: Base on Balls
|
|
Batting: LHB Michael Kelly
|
0-0: Called Strike 0-1: Called Strike 0-2: Grounds into double play, 4-6-3 (Groundball, 4, EV 101.9 MPH)
|
| Top of the 2nd over - 0 runs, 0 hits, 0 errors, 0 left on base; Jacksonville 0 - Asheville 1 |
| BOTTOM OF THE 2ND |
|
Asheville Tourists batting - Pitching for Jacksonville Suns : LHP Brad Havens
|
|
Batting: LHB Michael Wishnevski
|
0-0: Called Strike 0-1: Ball 1-1: Ball 2-1: Ground out 1-3 (Groundball, 13S, EV 61.3 MPH)
|
|
Batting: RHB Gareth Ledbetter
|
0-0: Ball 1-0: Called Strike 1-1: Foul Ball, location: 2F 1-2: Strikes out looking
|
|
Batting: LHB Michael Robbins
|
0-0: Foul Ball, location: 2F 0-1: Foul Ball, location: 2F 0-2: Foul Ball, location: 2F 0-2: Ball 1-2: Ball 2-2: Ball 3-2: Base on Balls
|
|
Batting: RHB Tony Toups
|
0-0: Ball 1-0: Called Strike 1-1: Ground out 5-3 (Groundball, 56S, EV 70.0 MPH)
|
| Bottom of the 2nd over - 0 runs, 0 hits, 0 errors, 1 left on base; Jacksonville 0 - Asheville 1 |
| TOP OF THE 3RD |
|
Jacksonville Suns batting - Pitching for Asheville Tourists : RHP Stan Webb
|
|
Batting: SHB Joe Morales
|
0-0: Called Strike 0-1: Ball 1-1: Ball 2-1: Ball 3-1: Base on Balls
|
|
Batting: RHB Henry Powell
|
0-0: Ball 1-0: Called Strike 1-1: Swinging Strike 1-2: Strikes out swinging
|
|
Batting: SHB Rafael Landestoy
|
0-0: Called Strike 0-1: Ball 1-1: Ball 2-1: DOUBLE (Line Drive, 89D, EV 106.9 MPH) Joe Morales to third Runner from 3rd tries for Home, SAFE, throw by RF to trailing runner, SAFE at third!
|
|
Batting: RHB Lyle Brackenridge
|
0-0: Swinging Strike 0-1: Ground out 6-3 (Groundball, 6S, EV 77.5 MPH) Rafael Landestoy scores
|
|
Batting: LHB Andy Carlton
|
0-0: Ball 1-0: Called Strike 1-1: Ball 2-1: SINGLE (Groundball, 34D, EV 107.5 MPH)
|
|
Batting: RHB Edward Packard
|
0-0: Called Strike 0-1: Swinging Strike 0-2: Foul Ball, location: 2F 0-2: Ball 1-2: Ball 2-2: Strikes out looking
|
| Top of the 3rd over - 2 runs, 2 hits, 0 errors, 1 left on base; Jacksonville 2 - Asheville 1 |
| BOTTOM OF THE 3RD |
|
Asheville Tourists batting - Pitching for Jacksonville Suns : LHP Brad Havens
|
|
Batting: SHB Wayne Simmons
|
0-0: Swinging Strike 0-1: Fly out, F9 (Line Drive, 9, EV 105.0 MPH)
|
|
Batting: RHB Ulises Infante
|
0-0: Ball 1-0: Called Strike 1-1: Ball 2-1: Ball 3-1: Ground out 5-3 (Groundball, 56, EV 82.5 MPH)
|
|
Batting: LHB Elias Nava
|
0-0: Ball 1-0: Called Strike 1-1: Called Strike 1-2: Ball 2-2: Ball 3-2: Base on Balls
|
|
Batting: LHB Donald Mazzilli
|
0-0: Called Strike 0-1: Ground out U3 (Groundball, 3, EV 89.4 MPH)
|
| Bottom of the 3rd over - 0 runs, 0 hits, 0 errors, 1 left on base; Jacksonville 2 - Asheville 1 |
| TOP OF THE 4TH |
|
Jacksonville Suns batting - Pitching for Asheville Tourists : RHP Stan Webb
|
|
Batting: LHB Pete M O'Brien
|
0-0: Foul Ball, location: 2F 0-1: Ball 1-1: Foul Ball, location: 2F 1-2: Foul Ball, location: 2F 1-2: Ball 2-2: Ground out 6-3 (Groundball, 6, EV 83.8 MPH)
|
|
Batting: LHB Donald Elliott
|
0-0: Foul Ball, location: 2F 0-1: Ball 1-1: SINGLE (Groundball, 6M, EV 105.6 MPH)
|
|
Batting: LHB Michael Kelly
|
0-0: Ball 1-0: Ball 2-0: Ball 3-0: Called Strike 3-1: Foul Ball, location: 2F 3-2: Strikes out swinging Donald Elliott is caught stealing 2nd base 2-6 Batter strikes out.
|
| Top of the 4th over - 0 runs, 1 hit, 0 errors, 0 left on base; Jacksonville 2 - Asheville 1 |
| BOTTOM OF THE 4TH |
|
Asheville Tourists batting - Pitching for Jacksonville Suns : LHP Brad Havens
|
|
Batting: SHB Dan Hanggie
|
0-0: Called Strike 0-1: Ball 1-1: Swinging Strike 1-2: Ball 2-2: Ball 3-2: Ground out 5-3 (Groundball, 56, EV 105.0 MPH)
|
|
Batting: LHB Michael Wishnevski
|
0-0: Called Strike 0-1: Called Strike 0-2: Ball 1-2: Ball 2-2: Ball 3-2: Base on Balls
|
|
Batting: RHB Gareth Ledbetter
|
0-0: Ball 1-0: Swinging Strike 1-1: Ball 2-1: Fly out, F4 (Flyball, 4MD, EV 82.5 MPH)
|
|
Batting: LHB Michael Robbins
|
0-0: Ball 1-0: Called Strike 1-1: Foul Ball, location: 2F 1-2: Strikes out swinging
|
| Bottom of the 4th over - 0 runs, 0 hits, 0 errors, 1 left on base; Jacksonville 2 - Asheville 1 |
| TOP OF THE 5TH |
|
Jacksonville Suns batting - Pitching for Asheville Tourists : RHP Stan Webb
|
|
Batting: SHB Joe Morales
|
0-0: Ball 1-0: Foul Ball, location: 2F 1-1: Ball 2-1: Ground out 2-3 (Groundball, 2R, EV 65.0 MPH)
|
|
Batting: RHB Henry Powell
|
0-0: Called Strike 0-1: Ball 1-1: Foul Ball, location: 2F 1-2: Strikes out swinging
|
|
Batting: SHB Rafael Landestoy
|
0-0: Swinging Strike 0-1: Ball 1-1: TRIPLE (Flyball, 78XD, EV 104.4 MPH)
|
|
Batting: RHB Lyle Brackenridge
|
0-0: Called Strike 0-1: Swinging Strike 0-2: Fly out, F3 (Popup, 23F, EV 78.1 MPH)
|
| Top of the 5th over - 0 runs, 1 hit, 0 errors, 1 left on base; Jacksonville 2 - Asheville 1 |
| BOTTOM OF THE 5TH |
|
Asheville Tourists batting - Pitching for Jacksonville Suns : LHP Brad Havens
|
|
Batting: RHB Tony Toups
|
0-0: Ball 1-0: Foul Ball, location: 2F 1-1: Ball 2-1: Ball 3-1: Called Strike 3-2: Base on Balls
|
|
Batting: SHB Wayne Simmons
|
0-0: Ball 1-0: Ball 2-0: Sac Bunt to 15S - play at first, batter OUT! 1-4 Tony Toups to second
|
|
Batting: RHB Ulises Infante
|
0-0: Ball 1-0: Called Strike 1-1: Ball 2-1: Swinging Strike 2-2: Strikes out swinging
|
|
Batting: LHB Elias Nava
|
0-0: Called Strike 0-1: Ball 1-1: Swinging Strike 1-2: Ball 2-2: DOUBLE (Line Drive, 7LM, EV 107.5 MPH) Tony Toups scores
|
|
Batting: LHB Donald Mazzilli
|
0-0: Ball 1-0: Fly out, F5 (Popup, 5F, EV 79.4 MPH)
|
| Bottom of the 5th over - 1 run, 1 hit, 0 errors, 1 left on base; Jacksonville 2 - Asheville 2 |
| TOP OF THE 6TH |
|
Jacksonville Suns batting - Pitching for Asheville Tourists : RHP Stan Webb
|
|
Batting: LHB Andy Carlton
|
0-0: Ball 1-0: Ball 2-0: Ball 3-0: Called Strike 3-1: Swinging Strike 3-2: SINGLE (Groundball, 34D, EV 97.5 MPH)
|
|
Batting: RHB Edward Packard
|
0-0: Called Strike 0-1: Ball 1-1: Ball 2-1: Fly out, F3 (Popup, 23F, EV 85.0 MPH)
|
|
Batting: LHB Pete M O'Brien
|
0-0: Called Strike 0-1: Fly out, F8 (Line Drive, 8LD, EV 90.6 MPH)
|
|
Batting: LHB Donald Elliott
|
0-0: Ball Wild Pitch! Andy Carlton to second 1-0: Ball 2-0: Ball 3-0: Base on Balls
|
|
Batting: LHB Michael Kelly
|
0-0: Foul Ball, location: 2F 0-1: Ball 1-1: Swinging Strike 1-2: Ball Wild Pitch! Andy Carlton to third Donald Elliott to second 2-2: Ball 3-2: Base on Balls
|
|
Batting: SHB Joe Morales
|
0-0: Foul Ball, location: 2F 0-1: Ball 1-1: Ball 2-1: Foul Ball, location: 2F 2-2: Foul Ball, location: 2F 2-2: Ball 3-2: Foul Ball, location: 2F 3-2: SINGLE (Flyball, 78S, EV 88.8 MPH) Andy Carlton scores Donald Elliott to third Michael Kelly to second Donald Elliott scores Michael Kelly to third
|
|
Batting: RHB Henry Powell
|
0-0: Ground out 6-3 (Groundball, 6MS, EV 70.0 MPH)
|
| Top of the 6th over - 2 runs, 2 hits, 0 errors, 2 left on base; Jacksonville 4 - Asheville 2 |
| BOTTOM OF THE 6TH |
|
Asheville Tourists batting - Pitching for Jacksonville Suns : LHP Brad Havens
|
|
Batting: SHB Dan Hanggie
|
0-0: Ball 1-0: Called Strike 1-1: Fly out, F9 (Flyball, 89D, EV 109.4 MPH)
|
|
Batting: LHB Michael Wishnevski
|
0-0: Foul Ball, location: 2F 0-1: Ball 1-1: Foul Ball, location: 2F 1-2: Foul Ball, location: 2F 1-2: Foul Ball, location: 2F 1-2: Ball 2-2: Ball 3-2: Fly out, F9 (Flyball, 89D, EV 96.3 MPH)
|
|
Batting: RHB Gareth Ledbetter
|
0-0: Ball 1-0: Called Strike 1-1: Foul Ball, location: 2F 1-2: Foul Ball, location: 2F 1-2: Strikes out looking
|
| Bottom of the 6th over - 0 runs, 0 hits, 0 errors, 0 left on base; Jacksonville 4 - Asheville 2 |
| TOP OF THE 7TH |
|
Jacksonville Suns batting - Pitching for Asheville Tourists : RHP Stan Webb
|
|
Batting: SHB Rafael Landestoy
|
0-0: Ball 1-0: Foul Ball, location: 2F 1-1: SINGLE (Groundball, 34S, EV 71.9 MPH) (infield hit)
|
|
Batting: RHB Lyle Brackenridge
|
0-0: Called Strike 0-1: Ball 1-1: Foul Ball, location: 2F 1-2: Strikes out swinging
|
|
Batting: LHB Andy Carlton
|
0-0: Fly out, F9 (Flyball, 9D, EV 97.5 MPH)
|
|
Batting: RHB Edward Packard
|
0-0: Called Strike 0-1: Ball Rafael Landestoy steals 2nd base 1-1: Foul Ball, location: 2F 1-2: Ball 2-2: Strikes out swinging
|
| Top of the 7th over - 0 runs, 1 hit, 0 errors, 1 left on base; Jacksonville 4 - Asheville 2 |
| BOTTOM OF THE 7TH |
|
Asheville Tourists batting - Pitching for Jacksonville Suns : LHP Brad Havens
|
|
Batting: LHB Michael Robbins
|
0-0: Ball 1-0: Ground out 4-3 (Groundball, 4M, EV 85.6 MPH)
|
|
Batting: RHB Tony Toups
|
0-0: DOUBLE (Flyball, 9LD, EV 102.5 MPH)
|
|
Batting: SHB Wayne Simmons
|
0-0: Called Strike 0-1: Ball 1-1: Swinging Strike 1-2: Ground out 2-3 (Groundball, 2R, EV 70.0 MPH) Tony Toups to third
|
|
Batting: RHB Ulises Infante
|
0-0: Ball 1-0: Ball 2-0: Ball 3-0: Called Strike 3-1: Base on Balls
|
|
Batting: LHB Elias Nava
|
0-0: Ball 1-0: Ball 2-0: Called Strike 2-1: Swinging Strike 2-2: SINGLE (Flyball, 89S, EV 96.9 MPH) Tony Toups scores Ulises Infante to second Runner from 2nd tries for 3rd, SAFE, no throw by RF
|
|
Batting: LHB Donald Mazzilli
|
0-0: Ball 1-0: Fly out, F7 (Line Drive, 78M, EV 106.3 MPH)
|
| Bottom of the 7th over - 1 run, 2 hits, 0 errors, 2 left on base; Jacksonville 4 - Asheville 3 |
| TOP OF THE 8TH |
|
Jacksonville Suns batting - Pitching for Asheville Tourists : RHP Stan Webb
|
|
Batting: LHB Pete M O'Brien
|
0-0: Called Strike 0-1: Ball 1-1: Fly out, F8 (Line Drive, 8LM, EV 85.0 MPH)
|
|
Batting: LHB Donald Elliott
|
0-0: Foul Ball, location: 2F 0-1: Fly out, F9 (Flyball, 9, EV 98.8 MPH)
|
|
Batting: LHB Michael Kelly
|
0-0: Ball 1-0: Swinging Strike 1-1: Called Strike 1-2: Ball 2-2: Strikes out swinging, 2-3 out at first.
|
| Top of the 8th over - 0 runs, 0 hits, 0 errors, 0 left on base; Jacksonville 4 - Asheville 3 |
| BOTTOM OF THE 8TH |
|
Asheville Tourists batting - Pitching for Jacksonville Suns : LHP Brad Havens
|
|
Batting: SHB Dan Hanggie
|
0-0: Ball 1-0: Foul Ball, location: 2F 1-1: Swinging Strike 1-2: Strikes out swinging
|
|
Batting: LHB Michael Wishnevski
|
0-0: Ball 1-0: SINGLE (Line Drive, 89M, EV 93.1 MPH)
|
|
Batting: RHB Gareth Ledbetter
|
0-0: Foul Ball, location: 2F 0-1: Called Strike 0-2: Ball 1-2: Strikes out swinging
|
|
Batting: RHB Mike Garcia
|
0-0: Ball 1-0: Called Strike 1-1: Foul Ball, location: 2F 1-2: Strikes out swinging
|
| Bottom of the 8th over - 0 runs, 1 hit, 0 errors, 1 left on base; Jacksonville 4 - Asheville 3 |
| TOP OF THE 9TH |
|
Jacksonville Suns batting - Pitching for Asheville Tourists : RHP Stan Webb
|
|
Pitching: RHP Moises Rangel
|
|
|
Batting: SHB Joe Morales
|
0-0: Foul Ball, location: 2F 0-1: Ball 1-1: Ball 2-1: Ball 3-1: Called Strike 3-2: Strikes out swinging
|
|
Batting: RHB Henry Powell
|
0-0: Called Strike 0-1: Foul Ball, location: 2F 0-2: Ball 1-2: TRIPLE (Flyball, 78XD, EV 99.4 MPH)
|
|
Batting: SHB Rafael Landestoy
|
0-0: Called Strike 0-1: Ball 1-1: Ground out 4-3 (Groundball, 4, EV 105.0 MPH)
|
|
Batting: RHB Lyle Brackenridge
|
0-0: Called Strike 0-1: Foul Ball, location: 2F 0-2: Strikes out swinging
|
| Top of the 9th over - 0 runs, 1 hit, 0 errors, 1 left on base; Jacksonville 4 - Asheville 3 |
| BOTTOM OF THE 9TH |
|
Asheville Tourists batting - Pitching for Jacksonville Suns : LHP Brad Havens
|
|
Batting: RHB Tony Toups
|
0-0: Called Strike 0-1: Called Strike 0-2: Foul Ball, location: 2F 0-2: Ball 1-2: Ground out 1-3 (Groundball, 34S, EV 73.8 MPH)
|
|
Batting: SHB Wayne Simmons
|
0-0: Ball 1-0: Foul Ball, location: 2F 1-1: Ball 2-1: Swinging Strike 2-2: Foul Ball, location: 2F 2-2: Ball 3-2: Fly out, F8 (Flyball, 8RD, EV 94.4 MPH)
|
|
Batting: RHB Ulises Infante
|
0-0: SINGLE (Groundball, 34D, EV 106.9 MPH)
|
|
Batting: LHB Elias Nava
|
0-0: Ball 1-0: Foul Ball, location: 2F 1-1: Ball 2-1: Fielders Choice at 2nd, 6-4 (Groundball, 6, EV 90.6 MPH)
|
| Bottom of the 9th over - 0 runs, 1 hit, 0 errors, 1 left on base; Jacksonville 4 - Asheville 3 |
|